 Dungeon Sprint DCSS version 0.30-a0-122-g2a1322497e (webtiles) character file.

Game seed: 17033441538120416796

107 mhtbhm the Geomancer (level 4, -7/24 HPs)
             Began as a Gargoyle Earth Elementalist on Sept 16, 2022.
             Was an Initiate of Vehumet.
             Mangled by a wraith (10 damage)
             ... in the Dungeon (Sprint IX: "|||||||||||||||||||||||||||||").
             The game lasted 00:02:23 (900 turns).

mhtbhm the Geomancer (Gargoyle Earth Elementalist)   Turns: 900, Time: 00:02:24

Health: -7/24      AC:  7    Str: 11    XL:     4   Next: 85%
Magic:  11/11      EV: 12    Int: 21    God:    Vehumet [......]
Gold:   0          SH:  0    Dex: 13    Spells: 3/13 levels left

rFire   . . .      SeeInvis .    m - +2 dire flail (vorpal)
rCold   . . .      Faith    .    (shield currently unavailable)
rNeg    + . .      Spirit   .    a - +0 robe
rPois   ∞          Reflect  .    (no helmet)
rElec   +          Harm     .    l - +0 cloak
rCorr   .          Rampage  .    (no gloves)
Will    .....      NoTele   +    k - +0 pair of boots
Stlth   ++........               (no amulet)
HPRegen 0.08/turn                n - +3 ring of dexterity
MPRegen 0.12/turn                o - +3 ring of intelligence

@: slowed, very slow
A: sickness immunity, AC +3, negative energy resistance 1, electricity
resistance, torment resistance 1, petrification resistance
a: Renounce Religion


You were in the Dungeon.
You worshipped Vehumet.
Vehumet was noncommittal.
You visited 1 branch

Inventory:

Hand Weapons
 m - a +2 vorpal dire flail (weapon)
Armour
 a - a +0 robe (worn)
 k - a +0 pair of boots (worn)
 l - a +0 cloak (worn)
Jewellery
 n - a +3 ring of dexterity (left hand)
 o - a +3 ring of intelligence (right hand)
Wands
 j - a wand of roots (5)
Scrolls
 h - 2 scrolls of amnesia
Potions
 b - 2 potions of magic
 c - 2 potions of curing
 d - a potion of invisibility
 e - a potion of haste
 f - a potion of berserk rage


   Skills:
 + Level 0.4 Fighting
 + Level 2.7 Dodging
 + Level 3.6 Stealth
 + Level 5.2 Spellcasting
 + Level 0.7 Transmutations
 + Level 8.4 Earth Magic


You had 3 spell levels left.
You knew the following spells:

 Your Spells              Type           Power      Damage    Failure   Level
a - Sandblast             Erth           82%        2d17      1%          1
b - Passwall              Tmut/Erth      20%        N/A       2%          2
c - Stone Arrow           Conj/Erth      46%        3d9       5%          3
d - Petrify               Tmut/Erth      24%        N/A       16%         4

Your spell library contained the following spells:

 Spells                   Type           Power      Damage    Failure   Level


Dungeon Overview and Level Annotations

Branches:
Dungeon (1/1)

Altars:
Cheibriados
Dithmenos
Elyvilon
Fedhas
Gozag
Hepliaklqana
Kikubaaqudgha
Makhleb
Nemelex Xobeh
Okawaru
Qazlal
Ru
Sif Muna
Trog
Uskayaw
Vehumet
Wu Jian
Xom
Yredelemnul
Zin
The Shining One
Jiyva
Lugonu


Innate Abilities, Weirdness & Mutations

You are immune to sickness and miasma.
Your stone body is resilient. (AC +3)
You are immune to poison.
You resist negative energy. (rN+)
You are resistant to electric shocks. (rElec)
You are resistant to unholy torment.
You are immune to petrification.


Message History

A shimmering blue altar of Sif Muna.
Unknown command.
Press < or > to pray at altars.
That's the wrong kind of item! (Use * to select it.) Evoke which item? (* to show all) (? for menu, Esc to quit)
Okay, then.
Unknown command.
Press < or > to pray at altars.
Aiming: Fastroot
Press: ? - help, Shift-Dir - straight line, f - you, p - wraith The roots erupt in riotous growth!
The wraith is unaffected.
The wraith closely misses you. The wraith hits you but does no damage.
Unknown command.
Press < or > to pray at altars.
Unknown command.
Press < or > to pray at altars.
Unknown command.
Press < or > to pray at altars.
Okay, then.
Aiming: Fastroot
Press: ? - help, Shift-Dir - straight line, f - acid dragon
Aim: an acid dragon (heavily wounded)
The roots erupt in riotous growth!
The wraith is unaffected.
Roots grab the acid dragon.
The grasping roots constrict the acid dragon!
The wraith hits you but does no damage.
Unknown command.
Press < or > to pray at altars.
Unknown command.
Press < or > to pray at altars.
Magic courses through your body.
The grasping roots constrict the acid dragon!
You kill the acid dragon!
Vehumet accepts your kill. The wraith hits you!
* * * LOW HITPOINT WARNING * * *
The wraith drains your vigour!
You feel as though you will be slow longer.
The wraith hits you!
You die... ▓▓▓▓▓▓▓▓▓▓▓▓▓▓▓▓▓▓▓▓▓▓▓▓▓▓▓▓▓▓▓▓▓ D..)..'_____lllW@______________'. ▓▓▓▓▓▓▓▓▓▓▓▓▓▓▓▓▓▓▓▓▓▓▓▓▓▓▓▓▓▓▓▓▓

You could see a komodo dragon, a wraith and 2 wyverns.

Vanquished Creatures
  An acid dragon (D)
  A scorpion (D)
  An iguana (D)
  2 adders (D)
  A dart slug (D)
  An orc (D)
  A frilled lizard (D)
  3 rats (D)
11 creatures vanquished.

Notes
Turn   | Place    | Note
-------+----------+-------------------------------------------
     0 | D        | mhtbhm the Gargoyle Earth Elementalist began the quest for
                  | the Orb.
     0 | D        | Reached XP level 1. HP: 10/10 MP: 3/3
     5 | D        | Reached skill level 4 in Earth Magic
   145 | D        | Reached skill level 5 in Earth Magic
   169 | D        | Noticed an iguana
   169 | D        | Noticed a scorpion
   173 | D        | Reached XP level 2. HP: 15/15 MP: 0/5
   464 | D        | Learned a level 2 spell: Passwall
   471 | D        | Killed a scorpion
   472 | D        | Reached skill level 7 in Earth Magic
   472 | D        | Reached XP level 3. HP: 7/19 MP: 4/8
   472 | D        | Reached XP level 4. HP: 9/24 MP: 5/10
   477 | D        | Learned a level 3 spell: Stone Arrow
   482 | D        | Learned a level 4 spell: Petrify
   664 | D        | Reached skill level 5 in Spellcasting
   664 | D        | Reached skill level 8 in Earth Magic
   801 | D        | Found a snail-covered altar of Cheibriados.
   801 | D        | Found a shadowy altar of Dithmenos.
   801 | D        | Found a white marble altar of Elyvilon.
   801 | D        | Found a blossoming altar of Fedhas.
   801 | D        | Found an opulent altar of Gozag.
   802 | D        | Found a hazy altar of Hepliaklqana.
   803 | D        | Found a viscous altar of Jiyva.
   804 | D        | Found an ancient bone altar of Kikubaaqudgha.
   805 | D        | Found a corrupted altar of Lugonu.
   806 | D        | Found a burning altar of Makhleb.
   807 | D        | Found a sparkling altar of Nemelex Xobeh.
   808 | D        | Found an iron altar of Okawaru.
   809 | D        | Found a stormy altar of Qazlal.
   810 | D        | Found a sacrificial altar of Ru.
   811 | D        | Found a shimmering blue altar of Sif Muna.
   812 | D        | Found a bloodstained altar of Trog.
   813 | D        | Found a hide-covered altar of Uskayaw.
   814 | D        | Found a radiant altar of Vehumet.
   815 | D        | Found an ornate altar of the Wu Jian Council.
   816 | D        | Found a shimmering altar of Xom.
   817 | D        | Found a basalt altar of Yredelemnul.
   818 | D        | Found a glowing silver altar of Zin.
   819 | D        | Found a glowing golden altar of the Shining One.
   822 | D        | Became a worshipper of Vehumet
   868 | D        | Noticed a two-headed ogre
   868 | D        | Noticed a wyvern
   868 | D        | Noticed a wyvern
   868 | D        | Noticed a komodo dragon
   868 | D        | Noticed an acid dragon
   868 | D        | Noticed a wraith
   893 | D        | HP: 1/24 [wraith (9)]
   900 | D        | Killed an acid dragon
   900 | D        | Mangled by a wraith

Illustrated notes

Levels and vault maps discovered:
D:        linesprint [early_d, line_temple, items_1, d_10, items_2, lair_1,
          lair_end, items_3, orc_1, orc_end, items_4, d_15, swamp_1, shoals_1,
          snake_1, spider_1, d_20, vaults_1, items_5, swamp_end, shoals_end,
          snake_end, spider_end, vaults_end, d_27, items_6, zot_1, zot_end,
          crypt_end, forest_end, elf_end, slime_end, tomb_end, abyss_end,
          pan_hell_end]

Skill      XL: |  1  2  3  4 |
---------------+-------------+-----
Earth Magic    | 5 7 8 |  8.4
Stealth        | 3 |  3.6
Dodging        | 2 |  2.7
Spellcasting   | 4 5 |  5.2
Fighting       | |  0.4
Transmutations | |  0.7

Action                   |  1- 3 |  4- 6 || total
-------------------------+-------+-------++-------
 Cast: Sandblast         |    20 |     8 ||    28
       Stone Arrow       |       |     5 ||     5
Evoke: Wand              |       |     5 ||     5
  Use: Potion            |     3 |     6 ||     9
       Scroll            |     1 |     1 ||     2
Armor: Robe              |     6 |     6 ||    12
Dodge: Dodged            |    13 |    12 ||    25

Table legend: (Time is in decaauts)
 A = Elapsed time spent in this place.
 B = Non-inter-level travel time spent in this place.
 C = Inter-level travel time spent in this place.
 D = Time resting spent in this place.
 E = Time spent auto-exploring this place.
 F = Levels seen in this place.
 G = Mean time per level.
                   A        B        C        D        E       F      G
               +--------+--------+--------+--------+--------+-----+--------+
         Total |    927 |    927 |      0 |    732 |      3 |   1 |  927.0 |
       Dungeon |    927 |    927 |      0 |    732 |      3 |   1 |  927.0 |
               +--------+--------+--------+--------+--------+-----+--------+

Top non-repeatable levels by time:
       D: 927 daAuts
